 Dungeon Crawl Stone Soup version 0.27-a0-1185-ga233589e6f (webtiles) character file.

Game seed: 3566181688580920943

73 Delamore the Skirmisher (level 4, -8/29 HPs)
             Began as a Gargoyle Fighter on May 19, 2021.
             Mangled by an ogre
             ... wielding a +0 giant club
              (14 damage)
             ... on level 3 of the Dungeon.
             The game lasted 00:01:22 (1640 turns).

Delamore the Skirmisher (Gargoyle Fighter)          Turns: 1640, Time: 00:01:22

Health: -8/29      AC: 10    Str: 20    XL:     4   Next: 27%
Magic:  4/4        EV:  7    Int:  9    God:
Gold:   102        SH: 10    Dex:  9    Spells: 3/3 levels left

rFire    . . .     SeeInvis .   a - +0 flail
rCold    . . .     Faith    .   c - +1 kite shield
rNeg     + . .     Spirit   .   b - +0 scale mail
rPois    ∞         Reflect  .   (no helmet)
rElec    +         Harm     .   (no cloak)
rCorr    .         Rampage  .   (no gloves)
Will     .....                  (no boots)
Stlth    ..........             (no amulet)
HPRegen  0.09/turn              (no ring)
MPRegen  0.09/turn              (no ring)

@: no status effects
A: sickness immunity, AC +3, negative energy resistance 1, electricity
resistance, torment resistance 1, petrification resistance
a: no special abilities


You were on level 3 of the Dungeon.
You visited 1 branch of the dungeon, and saw 3 of its levels.

You collected 102 gold pieces.

Inventory:

Hand Weapons
 a - a +0 flail (weapon)
Missiles
 p - 17 poisoned darts (quivered)
Armour
 b - a +0 scale mail (worn)
 c - a +1 kite shield (worn)
Jewellery
 m - an amulet of faith
Wands
 j - a wand of polymorph (8)
Scrolls
 e - a scroll of identify {unknown}
 i - a scroll of summoning
 k - a scroll of enchant weapon {unknown}
 o - a scroll of teleportation
Potions
 d - a potion of might
 f - a potion of haste {unknown}
 g - a potion of ambrosia {unknown}
 h - a potion of magic {unknown}


   Skills:
 + Level 4.1 Fighting
 + Level 3.0 Maces & Flails
 - Level 3.2 Armour
 + Level 4.1 Shields


You had 3 spell levels left.
You didn't know any spells.
Your spell library contained the following spells:

 Spells                   Type           Power      Damage    Failure   Level
 Summon Small Mammal      Summ           0%         N/A       99%         1
 Call Imp                 Summ           0%         N/A       100%        2
 Call Canine Familiar     Summ           0%         N/A       100%        3
 Summon Guardian Golem    Hex/Summ       0%         N/A       100%        3
 Summon Ice Beast         Ice/Summ       0%         N/A       100%        4
 Summon Lightning Spire   Summ/Air       0%         N/A       100%        4


Dungeon Overview and Level Annotations

Branches:
Dungeon (3/15)

Altars:


Innate Abilities, Weirdness & Mutations

You are immune to sickness and miasma.
Your stone body is resilient. (AC +3)
You are immune to poison.
You resist negative energy. (rN+)
You are resistant to electric shocks. (rElec)
You are resistant to unholy torment.
You are immune to petrification.


Message History

A bat comes into view.
Found 13 gold pieces.
The bat hits you but does no damage.
You sock the bat!
You kill the bat!
No target in view!
No target in view!
No target in view!
No target in view!
No target in view!
No target in view!
No target in view!
No target in view!
No target in view!
No target in view!
No target in view!
An ogre comes into view. It is wielding a +0 giant club.
The ogre shouts!
A quokka comes into view.
You hit the ogre.
The ogre is lightly wounded.
You block the ogre's attack.
You thump the ogre!
The ogre is moderately wounded.
You block the ogre's attack. The ogre barely misses you.
Your shield prevents you from hitting the ogre.
The ogre is moderately wounded.
The ogre hits you with a +0 giant club.
You barely miss the ogre.
The ogre is moderately wounded.
The quokka twitches its whiskers.
The ogre hits you with a +0 giant club!
You sock the ogre!
The ogre is severely wounded.
The ogre hits you with a +0 giant club!
* * * LOW HITPOINT WARNING * * *
You hit the ogre.
The ogre is almost dead.
The ogre hits you with a +0 giant club!
You die...

,,,,,,* *,,,,,,,,,,*<,,,<*,*
******* *,,,,,,***,,,,,,,*,****
*,,,,,,* *,,,,,,,,,,,,, **
*,,,,,,* *,,,*,,,*,***,
,##############+** *,,,*,,,*,,,*,
,#............#,****,,,*,,,**,,*,
,#...........^#,,,,,,*,,,,,,,,,*,
,#............########..#,******,
,#..............@Or......,,,,,,,,
,#............####.......,*******
,#............# *.......,*******
,#............# *.......,,,,,,,,
,#............#* *.......>,,,,,,,
,#.............#**......#*******,
,#...............,.......,,,**,,,
*#.............##*......#**,**,**
#............,* *,,,,,,* *,**,*,


You could see an ogre and a quokka.

Vanquished Creatures
  3 adders (D:2)
  2 worms (D:2)
  2 dart slugs (D:1)
  3 bats
  3 endoplasms (D:1)
  A giant cockroach (D:1)
  5 goblins
  3 hobgoblins
  2 jackals (D:2)
  3 quokkas
  4 ball pythons
  A frilled lizard (D:2)
  2 kobolds (D:2)
  A rat (D:2)
35 creatures vanquished.

Notes
Turn   | Place    | Note
-------+----------+-------------------------------------------
     0 | D:1      | Delamore the Gargoyle Fighter began the quest for the Orb.
     0 | D:1      | Reached XP level 1. HP: 14/14 MP: 1/1
    76 | D:1      | Reached XP level 2. HP: 19/19 MP: 2/2
   786 | D:2      | Reached XP level 3. HP: 23/24 MP: 3/3
   972 | D:2      | Found a faded altar of an unknown god.
   984 | D:2      | Reached XP level 4. HP: 29/29 MP: 4/4
  1632 | D:3      | Noticed an ogre
  1640 | D:3      | Mangled by an ogre

Illustrated notes

Levels and vault maps discovered:
D:1:      tarquinn_simple_flora_water_f, layout_basic
D:2:      minmay_skewed_foursquare, layout_rooms, serial_curves, eino_curves_02,
          eino_curves_01, basic_ecumenical_altar, minmay_split_cup_large
D:3:      layout_basic, gup_sewer_entry_spiral, minmay_misc_feat_five, uniq_ijyb

Skill      XL: |  1  2  3  4 |
---------------+-------------+-----
Fighting       | 4 |  4.1
Shields        | 4 |  4.1
Maces & Flails | 3 |  3.0
Armour         | |  3.2

Action                   |  1- 3 |  4- 6 || total
-------------------------+-------+-------++-------
Melee: Flail             |    82 |    28 ||   110
  Use: Scroll            |       |     4 ||     4
Armor: Scale mail        |    43 |     9 ||    52
Dodge: Dodged            |    24 |     8 ||    32
Block: Kite shield       |    41 |    15 ||    56

Table legend: (Time is in decaauts)
 A = Elapsed time spent in this place.
 B = Non-inter-level travel time spent in this place.
 C = Inter-level travel time spent in this place.
 D = Time resting spent in this place.
 E = Time spent auto-exploring this place.
 F = Levels seen in this place.
 G = Mean time per level.
                   A        B        C        D        E       F      G
               +--------+--------+--------+--------+--------+-----+--------+
         Total |   1693 |   1625 |     68 |    171 |   1185 |   3 |  564.3 |
       Dungeon |   1693 |   1625 |     68 |    171 |   1185 |   3 |  564.3 |
               +--------+--------+--------+--------+--------+-----+--------+

Top non-repeatable levels by time:
     D:2: 866 daAuts
     D:1: 799 daAuts
     D:3: 27 daAuts
